 Dungeon Crawl Stone Soup version 0.25.1-2-g60ff931df9 (webtiles) character file.

Game seed: 124373796861289915

4923 Erymatos the Cleaver (level 10, 90/90 HPs)
             Began as a Minotaur Berserker on Nov 12, 2020.
             Was an Elder of Trog.
             Quit the game on level 9 of the Dungeon.
             The game lasted 00:12:14 (9505 turns).

Erymatos the Cleaver (Minotaur Berserker)           Turns: 9505, Time: 00:12:15

Health: 90/90      AC: 12    Str: 23    XL:     10   Next: 27%
Magic:  18/18      EV: 10    Int:  4    God:    Trog [****..]
Gold:   462        SH:  3    Dex: 12    Spells: 9/9 levels left

rFire    . . .     SeeInvis .   x - +2 war axe (flame)
rCold    . . .     Gourm    .   D - +0 buckler
rNeg     . . .     Faith    .   p - +0 chain mail
rPois    +         Spirit   .   (helmet restricted)
rElec    .         Reflect  .   (no cloak)
rCorr    .         Harm     .   s - +0 pair of gloves
MR       .....                  (no boots)
Stlth    ..........             (no amulet)
HPRegen  0.25/turn              v - ring of poison resistance
MPRegen  0.16/turn              E - ring of magical power (curse)

@: no status effects
A: retaliatory headbutt, horns 2
a: Berserk, Trog's Hand, Brothers in Arms, Renounce Religion


You were on level 9 of the Dungeon.
You worshipped Trog.
Trog was greatly pleased with you.
You were not hungry.

You visited 1 branch of the dungeon, and saw 9 of its levels.

You collected 462 gold pieces.

Inventory:

Hand Weapons
 x - a +2 war axe of flaming (weapon)
Armour
 p - a +0 chain mail (worn)
 s - a +0 pair of gloves (worn)
 D - a +0 buckler (worn)
Jewellery
 v - a ring of poison resistance (left hand)
 E - a cursed ring of magical power (right hand)
 H - an uncursed ring of flight
Wands
 i - a wand of clouds (7)
 B - a wand of digging (5)
 F - a wand of paralysis (7)
Scrolls
 d - a scroll of fog {unknown}
 e - a scroll of magic mapping {unknown}
 g - 2 scrolls of remove curse
 h - 3 scrolls of immolation
 k - a scroll of enchant weapon
 m - a scroll of noise
 r - a scroll of summoning {unknown}
 t - 5 scrolls of teleportation
 u - a scroll of fear {unknown}
 y - a scroll of enchant armour {unknown}
 A - a scroll of vulnerability {unknown}
 C - 3 scrolls of identify
Potions
 a - 2 potions of invisibility {unknown}
 b - 4 potions of stabbing {unknown}
 f - 3 potions of flight {unknown}
 j - a potion of degeneration {unknown}
 l - 2 potions of ambrosia {unknown}
 n - 3 potions of lignification {unknown}
 o - 4 potions of might {unknown}
 q - a potion of resistance {unknown}
 w - 3 potions of curing {unknown}
 z - 2 potions of haste
Comestibles
 c - 19 rations
 G - 6 chunks of flesh


   Skills:
 + Level 8.7 Fighting
 + Level 12.7 Axes
 + Level 9.4 Armour
 + Level 5.0 Dodging
 + Level 0.8 Shields


You had 9 spell levels left.
You didn't know any spells.
Your spell library was empty.

Dungeon Overview and Level Annotations

Branches:
Dungeon (9/15)             Temple (0/1) D:7
   Lair: D:8-11         Orc: D:9-12

Altars:
Cheibriados
Makhleb
Nemelex Xobeh
Qazlal
Ru
Vehumet
Wu Jian
Xom
Yredelemnul
Zin

Shops:
D:9 =


Innate Abilities, Weirdness & Mutations

You reflexively headbutt those who attack you in melee.
You have a pair of horns on your head.


Message History

You open the door.
There is an open door here.
Found an escape hatch in the floor.
Found a stone staircase leading up.
Unknown command.
No target in view!
There is an escape hatch in the floor here.
You open the door.
There is an open door here.
Found 14 stones.
No target in view!
You open the door.
You see here 14 stones.
You open the door.
Found Hukkis's Jewellery Shop.
No target in view!
No target in view!
There is an open door here.
There is an entrance to Hukkis's Jewellery Shop here.
Unknown command.
Are you sure you want to abandon this character and quit the game? (Confirm with "yes".)

########## ####
#........# ...#
#........###
...####........'@#
...##>'.......(#.....#
.....<#........#####!#
...####........# ...#
#........# ...#
#####'#### #.## #.#
#.# #.# ..# #.#


There were no monsters in sight!

Vanquished Creatures
  Erica (D:8)
  Joseph (D:7)
  A hippogriff (D:9)
  A hornet (D:9)
  Sigmund (D:3)
  A steam dragon (D:7)
  A hungry ghost (D:7)
  Menkaure (D:5)
  Duvessa (D:6)
  An orc warrior (D:6)
  A black bear (D:8)
  2 ice beasts (D:7)
  5 ogres
  6 centaurs
  2 bullfrogs
  Blork the orc (D:6)
  Dowan (D:6)
  A water moccasin skeleton (D:6)
  A killer bee (D:7)
  3 howler monkeys
  5 crimson imps
  A bullfrog zombie (D:5)
  3 hounds
  3 orc priests
  2 bullfrog skeletons (D:6)
  3 iron imps (D:6)
  Jessica (D:3)
  3 orc wizards
  4 iguanas
  Natasha (thrice) (D:3)
  3 worker ants
  Terence (D:3)
  2 hound skeletons
  A howler monkey zombie (D:7)
  Robin (D:3)
  3 gnolls (D:7)
  7 adders
  2 shadow imps
  A white imp (D:4)
  An adder skeleton (D:7)
  2 worms
  A dart slug (D:2)
  6 leopard geckos
  20 orcs
  A ball python (D:2)
  8 giant cockroaches
  5 hobgoblins
  6 jackals
  10 kobolds
  2 quokkas
  10 bats
  4 frilled lizards
  16 goblins
  8 rats
182 creatures vanquished.

Vanquished Creatures (others)
  2 plants (D:7)
2 creatures vanquished.

Grand Total: 184 creatures vanquished

Notes
Turn   | Place    | Note
-------+----------+-------------------------------------------
     0 | D:1      | Erymatos the Minotaur Berserker began the quest for the
                  | Orb.
     0 | D:1      | Reached XP level 1. HP: 19/19 MP: 0/0
   247 | D:1      | Reached skill level 4 in Axes
   247 | D:1      | Reached XP level 2. HP: 26/27 MP: 1/1
   666 | D:1      | Reached ** piety under Trog
   946 | D:2      | Reached XP level 3. HP: 34/34 MP: 2/2
  1041 | D:2      | Found a sacrificial altar of Ru.
  2013 | D:2      | Found a shimmering altar of Xom.
  2397 | D:3      | Reached skill level 5 in Axes
  2397 | D:3      | Reached XP level 4. HP: 41/41 MP: 3/3
  2400 | D:3      | Noticed Robin
  2403 | D:3      | Noticed Jessica
  2410 | D:3      | Noticed Natasha
  2414 | D:3      | Reached XP level 5. HP: 36/47 MP: 4/4
  2423 | D:3      | Killed Jessica
  2426 | D:3      | Killed Natasha
  2428 | D:3      | Killed Robin
  2428 | D:3      | Reached skill level 5 in Fighting
  2428 | D:3      | Reached skill level 6 in Axes
  2688 | D:3      | Reached *** piety under Trog
  2749 | D:3      | Noticed Terence
  2759 | D:3      | Killed Terence
  2772 | D:3      | Found a faded altar of an unknown god.
  2896 | D:3      | Noticed Natasha
  2900 | D:3      | Killed Natasha
  2900 | D:3      | Reached XP level 6. HP: 53/56 MP: 5/5
  2984 | D:3      | Noticed Sigmund
  2995 | D:3      | Killed Sigmund
  2995 | D:3      | Reached skill level 7 in Axes
  3246 | D:3      | Found an ornate altar of the Wu Jian Council.
  3258 | D:3      | Noticed Natasha
  3262 | D:3      | Killed Natasha
  3434 | D:4      | Reached XP level 7. HP: 49/61 MP: 6/6
  4322 | D:5      | Entered Level 5 of the Dungeon
  4529 | D:5      | Reached skill level 8 in Axes
  4564 | D:5      | Reached skill level 5 in Armour
  4755 | D:5      | Noticed Menkaure
  4762 | D:5      | Killed Menkaure
  4762 | D:5      | Reached XP level 8. HP: 59/71 MP: 7/7
  5321 | D:5      | Reached **** piety under Trog
  5539 | D:6      | Reached skill level 9 in Axes
  5681 | D:6      | Noticed Duvessa
  5681 | D:6      | Noticed Dowan
  5702 | D:6      | Killed Duvessa
  5720 | D:6      | Killed Dowan
  6483 | D:6      | Found a burning altar of Makhleb.
  6730 | D:6      | Found a snail-covered altar of Cheibriados.
  6824 | D:6      | Noticed Blork the orc
  6832 | D:6      | Killed Blork the orc
  6947 | D:7      | Reached skill level 10 in Axes
  7005 | D:7      | Reached XP level 9. HP: 77/79 MP: 8/8
  7024 | D:7      | Found a staircase to the Ecumenical Temple.
  7283 | D:7      | Found a sparkling altar of Nemelex Xobeh.
  7286 | D:7      | Found a basalt altar of Yredelemnul.
  7288 | D:7      | Found a stormy altar of Qazlal.
  7435 | D:7      | Found a radiant altar of Vehumet.
  7503 | D:7      | Noticed Joseph
  7517 | D:7      | Killed Joseph
  7517 | D:7      | Reached skill level 11 in Axes
  8334 | D:7      | Reached skill level 5 in Dodging
  8539 | D:8      | Noticed Erica
  8553 | D:8      | Killed Erica
  8553 | D:8      | Reached skill level 12 in Axes
  8553 | D:8      | Reached XP level 10. HP: 90/90 MP: 9/9
  9379 | D:9      | Found a snail-covered altar of Cheibriados.
  9468 | D:9      | Found a glowing silver altar of Zin.
  9502 | D:9      | Found Hukkis's Jewellery Shop.
  9505 | D:9      | Quit the game

Illustrated notes

Levels and vault maps discovered:
D:1:      co_arrival_square_in_a_square_in_a_square, layout_rooms
D:2:      layout_loops_cross, tgw_xom, nicolae_ru_awakened_eye, minivault_5
D:3:      layout_loops_ring, lemuel_doored_altar, first_ration,
          chequers_ecumenical_altar_simple, uniq_terence, uniq_sigmund,
          uniq_natasha, uniq_robin, uniq_jessica
D:4:      layout_basic, grunt_ministairs_9, minmay_fire_ice_demons
D:5:      layout_basic, nicolae_overflow_hidden_temple, uniq_menkaure
D:6:      layout_basic, overflow_temple_1_default, demons_altar,
          kennysheep_generic_room_9, uniq_duvessa, uniq_blork_the_orc
D:7:      layout_basic, lemuel_round_altar, nicolae_overflow_quartered_altars,
          temple_pool_b, minmay_shattered_shrine, uniq_joseph
D:8:      layout_basic, uniq_erica
D:9:      layout_roguey, zin_academy, lair_entry_dummy, serial_shops, shop,
          hangedman_little_slice_of_home, cheibriados_altar_1

Skill      XL: |  1  2  3  4  5  6  7  8  9 |
---------------+----------------------------+-----
Axes           | 4 5 6 7 8 10 12 | 12.7
Fighting       | 4 5 6 7 8 |  8.7
Dodging        | 3 4 5 |  5.0
Armour         | 3 4 5 7 9 |  9.4
Shields        | |  0.8

Action                   |  1- 3 |  4- 6 |  7- 9 | 10-12 || total
-------------------------+-------+-------+-------+-------++-------
Melee: Hand axe          |    90 |    84 |   148 |       ||   322
       Headbutt          |    13 |    16 |    55 |       ||    84
       War axe           |       |       |   127 |    34 ||   161
Invok: Berserk           |     1 |     2 |     4 |     1 ||     8
  Use: Scroll            |       |       |     7 |       ||     7
 Stab: Sleeping          |     2 |       |       |       ||     2
  Eat: Chunk             |     6 |     5 |    19 |     3 ||    33
       Ration            |       |       |     1 |       ||     1
Armor: Animal skin       |    15 |       |       |       ||    15
       Chain mail        |       |    49 |   105 |    17 ||   171
Dodge: Dodged            |    67 |    44 |   120 |    11 ||   242
Block: Buckler           |       |       |     2 |     5 ||     7
